 Dungeon Crawl Stone Soup version 0.27.1-34-g3ba077fa99 (webtiles) character file.

Game seed: 8461308167345158386

23 cbfl8 the Sneak (level 2, -2/27 HPs)
             Began as a Minotaur Delver on Jan 17, 2022.
             Slain by a scorpion zombie (6 damage)
             ... on level 5 of the Dungeon.
             The game lasted 00:00:26 (221 turns).

cbfl8 the Sneak (Minotaur Delver)                    Turns: 221, Time: 00:00:27

Health: -2/27      AC:  3    Str: 16    XL:     2   Next: 75%
Magic:  1/1        EV: 11    Int:  7    God:
Gold:   11         SH:  0    Dex: 11    Spells: 1/1 levels left

rFire    . . .     SeeInvis .   a - +0 hand axe
rCold    . . .     Faith    .   (no shield)
rNeg     . . .     Spirit   .   b - +0 leather armour
rPois    .         Reflect  .   (helmet restricted)
rElec    .         Harm     .   (no cloak)
rCorr    .         Rampage  .   (no gloves)
Will     .....                  (no boots)
Stlth    ++........             (no amulet)
HPRegen  0.09/turn              (no ring)
MPRegen  0.07/turn              (no ring)

@: no status effects
A: horns 2, retaliatory headbutt
a: no special abilities


You were on level 5 of the Dungeon.
You visited 1 branch of the dungeon, and saw 1 of its levels.

You collected 11 gold pieces.

Inventory:

Hand Weapons
 a - a +0 hand axe (weapon)
Armour
 b - a +0 leather armour (worn)
Wands
 g - a wand of digging (3)
Scrolls
 c - a scroll of fog
 d - a scroll of magic mapping
 e - a scroll of fear
Potions
 f - a potion of haste


   Skills:
 + Level 3.9 Fighting
 + Level 2.5 Axes
 + Level 2.2 Dodging
 + Level 4.6 Stealth


You had one spell level left.
You didn't know any spells.
Your spell library contained the following spells:

 Spells                   Type           Power      Damage    Failure   Level
 Animate Skeleton         Necr           0%         N/A       50%         1
 Pain                     Necr           0%         1d4       50%         1
 Vampiric Draining        Necr           0%         2d6       86%         3


Dungeon Overview and Level Annotations

Branches:
Dungeon (5/15)             Temple (0/1) D:5

Altars:


Innate Abilities, Weirdness & Mutations

You have a pair of horns on your head.
You reflexively headbutt those who attack you in melee.


Message History

The scorpion zombie hits you.
There is a stone staircase leading down here.
You barely miss the scorpion zombie.
Your headbutt misses the scorpion zombie.
The scorpion zombie hits you.
Unknown command.
You hit the scorpion zombie but do no damage.
The scorpion zombie closely misses you.
Unknown command.
You hit the scorpion zombie.
The scorpion zombie is lightly damaged.
The scorpion zombie closely misses you.
The scorpion zombie hits you but does no damage.
Unknown command.
You hit the scorpion zombie.
The scorpion zombie is lightly damaged.
The scorpion zombie hits you.
Unknown command.
You hit the scorpion zombie. You headbutt the scorpion zombie.
The scorpion zombie is moderately damaged.
The scorpion zombie closely misses you. You furiously retaliate!
You headbutt the scorpion zombie.
Unknown command.
You hit the scorpion zombie.
The scorpion zombie is heavily damaged.
The scorpion zombie hits you.
You hit the scorpion zombie.
Your headbutt misses the scorpion zombie.
The scorpion zombie is heavily damaged.
The scorpion zombie hits you.
* * * LOW HITPOINT WARNING * * *
Unknown command.
You barely miss the scorpion zombie. You headbutt the scorpion zombie.
The scorpion zombie is severely damaged.
The scorpion zombie closely misses you.
Unknown command.
You hit the scorpion zombie but do no damage.
The scorpion zombie is severely damaged.
The scorpion zombie hits you.
You die...

.# .# .##.# ######.#..#
#.......... ##########
#...#...#.. #.......>##
####...#.⌠.#.. #.#.......#
#....###...###
#.#.##.#..###.#..........o
##.#.......@Z..##..⌠..>..o.
#.......#..###.##..........
#.......#..# #....###...###
#.##.......# ###....#.⌠.#..
#.#..##.#### ##...#...#..
#.#.###.# #..........
#.#.###.## ###.....###
#........# ## ###..###.#


You could see a scorpion zombie.

Vanquished Creatures
  A scorpion zombie (D:5)
1 creature vanquished.

Notes
Turn   | Place    | Note
-------+----------+-------------------------------------------
     0 | D:5      | cbfl8 the Minotaur Delver began the quest for the Orb.
     0 | D:5      | Reached XP level 1. HP: 19/19 MP: 0/0
    22 | D:5      | Reached XP level 2. HP: 14/27 MP: 1/1
   196 | D:5      | Found a staircase to the Ecumenical Temple.
   221 | D:5      | Slain by a scorpion zombie

Illustrated notes

Levels and vault maps discovered:
D:5:      layout_loops_cross, minmay_temple_entry_junction_2

Action                   || total
-------------------------++-------
Melee: Hand axe          ||    15
       Headbutt          ||     4
Armor: Leather armour    ||     2
Dodge: Dodged            ||    10
